 Dungeon Crawl Stone Soup version 0.19.1 (webtiles) character file.

5318 ChaseSP the Cleaver (level 10, -6/70 HPs)
             Began as a Formicid Fighter on Dec 3, 2016.
             Was an Initiate of Ru.
             Mangled by Grum
             ... wielding a +0 spear
              (11 damage)
             ... on level 8 of the Dungeon.
             The game lasted 00:18:10 (9301 turns).

ChaseSP the Cleaver (Formicid Fighter)              Turns: 9301, Time: 00:18:10

Health: -6/70      AC: 13    Str: 20    XL:     10   Next: 95%
Magic:  10/10      EV:  5    Int:  4    God:    Ru [......]
Gold:   701        SH:  0    Dex: 18    Spells: 0 memorised, 9 levels left

rFire  . . .     SeeInvis +     v - +1 flail of Midwinter {flame, rElec Int-4 Dex+6} (curse)
rCold  . . .     Gourm    .     y - +0 plate armour
rNeg   . . .     Faith    .     c - +0 shield
rPois  .         Spirit   .     (helmet unavailable)
rElec  +         Reflect  .     (no cloak)
rCorr  .         Harm     .     k - +1 pair of gloves
MR     ++...                    (no boots)
Stlth  ..........               (no amulet)
                                (no ring)
                                (no ring)

@: confused
A: permanent stasis, dig shafts and tunnels, four strong arms, antennae 3,
hooves 1, magic resistance 1, weak 1
a: Dig, Shaft Self, Renounce Religion


You were on level 8 of the Dungeon.
You worshipped Ru.
Ru was noncommittal.
You were hungry.

You visited 2 branches of the dungeon, and saw 9 of its levels.
You also visited: Sewer and Ossuary.

You collected 701 gold pieces.

Inventory:

Hand Weapons
 a - a +0 war axe
 v - the cursed +1 flail of Midwinter (weapon) {flame, rElec Int-4 Dex+6}
   (You found it on level 8 of the Dungeon)

   It has been specially enchanted to burn those struck by it, causing extra
   injury to most foes and up to half again as much damage against particularly
   susceptible opponents.
   It affects your intelligence (-4).
   It affects your dexterity (+6).
   It insulates you from electricity.
   It has a curse placed upon it.
 C - a +0 flail
Missiles
 q - 66 bolts
 s - 4 javelins (quivered)
Armour
 c - a +0 shield (worn)
 k - a +1 pair of gloves (worn)
 m - a +0 chain mail
 y - a +0 plate armour (worn)
 F - the +1 scale mail of Xeib {rF+ MR- Str+4 Int+4}
   (You found it on level 5 of the Dungeon)

   It affects your strength (+4).
   It affects your intelligence (+4).
   It protects you from fire.
   It affects your resistance to hostile enchantments.
Wands
 b - a wand of paralysis (7/24)
 g - a wand of flame (37/48)
 l - a wand of acid (4/15)
 B - a wand of flame (34/48)
 G - a wand of digging (11/24)
Scrolls
 i - a scroll of random uselessness
 j - 2 scrolls of recharging
 u - 2 scrolls of amnesia
 D - a scroll of identify
 I - a scroll of fog {unknown}
 J - 3 scrolls of magic mapping {unknown}
Potions
 d - 2 potions of might
 e - 3 potions of flight
 w - 2 potions of cancellation
 A - 4 potions of degeneration
 E - a potion of brilliance
Books
 n - a book of Minor Magic

   Spells                             Type                      Level
   a - Magic Dart                     Conjuration                  1
   b - Blink                          Translocation                2
   c - Call Imp                       Summoning                    2
   d - Repel Missiles                 Charms/Air                   2
   e - Slow                           Hexes                        2
   f - Conjure Flame                  Conjuration/Fire             3
   g - Mephitic Cloud                 Conjuration/Poison/Air       3
 t - a Young Poisoner's Handbook

   Spells                             Type                      Level
   a - Sting                          Conjuration/Poison           1
   b - Mephitic Cloud                 Conjuration/Poison/Air       3
   c - Olgreb's Toxic Radiance        Poison                       4
   d - Alistair's Intoxication        Transmutation/Poison         5
   e - Venom Bolt                     Conjuration/Poison           5
 H - a book of Misfortune

   Spells                             Type                      Level
   a - Confusing Touch                Hexes                        1
   b - Confuse                        Hexes                        3
   c - Gell's Gravitas                Hexes/Translocation          3
   d - Petrify                        Transmutation/Earth          4
   e - Metabolic Englaciation         Hexes/Ice                    5
   f - Yara's Violent Unravelling     Hexes/Transmutation          5
Comestibles
 f - 4 bread rations
 h - 3 beef jerkies
 p - 3 meat rations
 r - 7 chunks of flesh
 x - a slice of pizza


   Skills:
 - Level 3.2 Fighting
 * Level 13.5 Axes
 - Level 3.2 Armour
 - Level 9.0 Shields


You had 9 spell levels left.
You didn't know any spells.

Dungeon Overview and Level Annotations

Branches:
Dungeon (8/15)             Temple (1/1) D:7
   Lair: D:8-11

Altars:
Cheibriados
Dithmenos
Elyvilon
Okawaru
Ru
Trog
Vehumet
The Shining One

Shops:
D:5 }

Annotations:
D:8 Grum


Innate Abilities, Weirdness & Mutations

You are under a permanent stasis effect.
You can dig through walls and to a lower floor.
Your four strong arms can wield two-handed weapons with a shield.
You have a pair of large antennae on your head. (SInv)
You have large cloven feet.
You are resistant to hostile enchantments. (MR+)
You are weak. (Str -2)


Message History

You sock Grum! You burn Grum.
Grum is moderately wounded.
You block Grum's attack.
You completely miss Grum. Your kick misses Grum.
Grum is moderately wounded.
You block Grum's attack.
You hit Grum but do no damage.
Grum is moderately wounded.
Grum sniffs the air and quickly glances around.
Grum hits you with a spear!
* * * LOW HITPOINT WARNING * * *
You sock Grum! You burn Grum. Your kick misses Grum.
Grum is severely wounded.
Grum hits you but does no damage.
You closely miss Grum. Your kick misses Grum.
Grum is severely wounded.
You block Grum's attack.
You are confused.
You feel invigorated. Grum hits you with a spear!
You die...

#.# #.# #.# #.# #y# #y#
.)##### ###########
.<....# #..@ghh....
..###.########.#########
.........>..............
..###.#####.##.#.######
..###.####.....#.#
........)....>##.#
............#.##.#
#.########..#.##.# #.#
#†.#.##.#


You could see Grum and 2 wolves.

Vanquished Creatures
  Joseph (D:8)
  The ghost of ChaseSP the Chopper, an amateur FoFi (D:4)
  2 hippogriffs
  The ghost of Midelne the Cudgeler, an amateur OgFi (Sewer)
  Sigmund (D:5)
  Eustachio (D:5)
  3 hungry ghosts
  Menkaure (D:4)
  2 water moccasins
  2 sky beasts (D:5)
  An orc warrior (D:7)
  A phantom (D:5)
  A necrophage (D:7)
  A wolf (D:8)
  2 ogres
  A centaur (D:7)
  A big kobold (D:7)
  3 elf zombies (Ossuary)
  5 bullfrogs
  5 scorpions
  8 killer bees
  2 howler monkeys
  2 crimson imps
  A centaur zombie (D:6)
  A bullfrog skeleton (D:5)
  A hound (D:6)
  A jelly (D:8)
  A gnoll shaman (D:4)
  An orc priest (D:7)
  Jessica (D:2)
  Ijyb (D:3)
  5 worker ants
  Natasha (thrice) (D:3)
  An iguana (D:4)
  5 orc wizards
  Terence (D:3)
  2 big kobold zombies (Ossuary)
  A hound skeleton (D:6)
  2 mummies (Ossuary)
  A howler monkey zombie (D:5)
  Robin (D:2)
  13 gnolls
  2 river rats (D:6)
  8 adders
  3 shadow imps
  An ooze (D:2)
  An adder zombie (D:5)
  7 worms
  4 dart slugs
  7 leopard geckos
  25 orcs
  7 ball pythons
  14 giant cockroaches
  22 goblins
  11 hobgoblins
  13 jackals
  13 kobolds
  4 quokkas
  8 bats
  13 frilled lizards
  3 gnoll zombies (Ossuary)
  4 goblin zombies (Ossuary)
  A hobgoblin zombie (Ossuary)
  A jackal zombie (D:6)
  An orc zombie (Ossuary)
  2 quokka skeletons
  A quokka zombie (D:8)
  8 rats
275 creatures vanquished.

Notes
Turn   | Place    | Note
-------+----------+-------------------------------------------
     0 | D:1      | ChaseSP the Formicid Fighter began the quest for the Orb.
     0 | D:1      | Reached XP level 1. HP: 18/18 MP: 1/1
   105 | D:1      | Reached XP level 2. HP: 12/24 MP: 2/2
   224 | D:1      | Reached skill level 3 in Axes
   569 | D:1      | Reached XP level 3. HP: 21/29 MP: 3/3
   993 | D:2      | Noticed Jessica
  1002 | D:2      | Killed Jessica
  1002 | D:2      | Reached skill level 4 in Axes
  1002 | D:2      | Reached XP level 4. HP: 28/35 MP: 4/4
  1304 | D:2      | Reached XP level 5. HP: 35/41 MP: 5/5
  1524 | D:2      | Reached skill level 5 in Axes
  1715 | D:2      | Noticed Robin
  1739 | D:2      | Killed Robin
  2049 | D:3      | Noticed Ijyb
  2058 | D:3      | Killed Ijyb
  2058 | D:3      | Reached XP level 6. HP: 40/47 MP: 6/6
  2081 | D:3      | Reached skill level 6 in Axes
  2175 | D:3      | Noticed Natasha
  2185 | D:3      | Killed Natasha
  2248 | D:3      | Noticed Terence
  2272 | D:3      | Killed Terence
  2368 | D:3      | Noticed Natasha
  2379 | D:3      | Killed Natasha
  2461 | D:3      | Noticed Natasha
  2473 | D:3      | Killed Natasha
  2473 | D:3      | Reached XP level 7. HP: 40/52 MP: 7/7
  2676 | D:4      | Reached skill level 7 in Axes
  2899 | D:4      | Noticed Menkaure
  2899 | D:4      | Noticed ChaseSP's ghost (amateur FoFi)
  2911 | D:4      | HP: 2/52 [ChaseSP's ghost (10)]
  2916 | D:4      | Killed ChaseSP's ghost
  2916 | D:4      | Reached skill level 8 in Axes
  2922 | D:4      | Killed Menkaure
  2922 | D:4      | Reached XP level 8. HP: 12/58 MP: 8/8
  3054 | D:4      | Found a sand-covered staircase.
  3077 | Ossuary  | Entered an ossuary
  3101 | Ossuary  | Reached skill level 9 in Axes
  3682 | D:5      | Entered Level 5 of the Dungeon
  3703 | D:5      | Found Nagolec's Gadget Emporium.
  3745 | D:5      | Reached skill level 10 in Axes
  3834 | D:5      | Reached XP level 9. HP: 64/64 MP: 9/9
  3911 | D:5      | Got an encrusted scale mail
  3922 | D:5      | Identified the cursed +1 scale mail of Xeib {rF+ MR- Str+4 Int+4} (You found it on level 5 of the Dungeon)
  4000 | D:5      | Noticed Eustachio
  4014 | D:5      | Noticed Sigmund
  4040 | D:5      | Killed Eustachio
  4040 | D:5      | Reached skill level 5 in Shields
  4050 | D:5      | Killed Sigmund
  4050 | D:5      | Reached skill level 11 in Axes
  4485 | D:6      | Found a glowing drain.
  4511 | Sewer    | Entered a sewer
  4521 | Sewer    | Noticed Midelne's ghost (amateur OgFi)
  4547 | Sewer    | Killed Midelne's ghost
  4766 | Sewer    | Got a bone trident
  4771 | Sewer    | Identified the cursed +0 trident "Kodius" {drain, rPois Dex+2} (You found it in a sewer)
  6045 | D:7      | Reached XP level 10. HP: 70/70 MP: 10/10
  6114 | D:7      | Reached skill level 12 in Axes
  6518 | D:7      | Found a staircase to the Ecumenical Temple.
  6620 | Temple   | Entered the Ecumenical Temple
  6737 | Temple   | Became a worshipper of Ru the Awakened
  7057 | D:5      | Gained mutation: You have large cloven feet. [mutagenic meat]
  7058 | D:5      | Gained mutation: You are weak. (Str -2) [mutagenic meat]
  7059 | D:5      | Gained mutation: You are resistant to hostile enchantments. (MR+) [mutagenic meat]
  7780 | D:8      | Noticed Joseph
  8452 | D:8      | Reached skill level 13 in Axes
  8476 | D:8      | Killed Joseph
  9172 | D:8      | Got a translucent flail
  9173 | D:8      | Identified the cursed +1 flail of Midwinter {flame, rElec Int-4 Dex+6} (You found it on level 8 of the Dungeon)
  9266 | D:8      | Noticed Grum
  9298 | D:8      | HP: 1/70 [Grum/spear (9)]
  9301 | D:8      | Mangled by Grum

Skill      XL: |  1  2  3  4  5  6  7  8  9 10 |
---------------+-------------------------------+-----
Axes           | 3 4 5 6 8 10 11 13 | 13.5
Shields        | 4 7 9 |  9.0
Fighting       | |  3.2
Armour         | |  3.2

Action                   |  1- 3 |  4- 6 |  7- 9 | 10-12 || total
-------------------------+-------+-------+-------+-------++-------
Melee: War axe           |   106 |   249 |   339 |   337 ||  1031
       Trident           |       |       |   149 |    18 ||   167
       Kick              |       |       |       |    64 ||    64
       Flail             |       |       |       |    49 ||    49
 Abil: Dig               |       |     4 |     7 |     3 ||    14
  Use: Scroll            |       |     2 |    12 |     1 ||    15
       Potion            |       |       |     4 |     8 ||    12
  Eat: Chunk             |       |     6 |    16 |    14 ||    36
       Fruit             |       |       |     1 |     7 ||     8
Armor: Scale mail        |    12 |       |    15 |       ||    27
       Chain mail        |    49 |   148 |    73 |       ||   270
       Plate armour      |       |       |   116 |   195 ||   311
       Skin              |       |       |       |    48 ||    48
Dodge: Dodged            |    29 |    66 |   108 |    75 ||   278
Block: Shield            |    66 |   141 |   216 |   211 ||   634
